 Dungeon Crawl Stone Soup version 0.25-a0-731-g0472a16d6a (webtiles) character file.

Game seed: 334105475543640291, levelgen mode: deterministic

39907 ottosmops the Peltast (level 13, -3/116 HPs)
             Began as a Minotaur Fighter on Apr 8, 2020.
             Was a High Priest of Trog.
             Slain by a catoblepas (24 damage)
             ... on level 6 of the Lair of Beasts on Apr 9, 2020.
             The game lasted 01:11:36 (17335 turns).

ottosmops the Peltast (Minotaur Fighter)           Turns: 17335, Time: 01:11:37

Health: -3/116     AC: 21    Str: 24    XL:     13   Next: 71%
Magic:  12/12      EV: 10    Int:  5    God:    Trog [*****.]
Gold:   864        SH: 16    Dex: 16    Spells: 12/12 levels left

rFire    . . .     SeeInvis .   Y - +2 scimitar (vorpal)
rCold    . . .     Gourm    .   c - +0 kite shield
rNeg     . . .     Faith    .   E - +0 plate armour
rPois    .         Spirit   .   (helmet restricted)
rElec    .         Reflect  +   (no cloak)
rCorr    .         Harm     .   h - +0 pair of gloves
MR       +....                  v - +2 pair of boots
Stlth    ..........             N - +2 amulet of reflection
HPRegen  0.29/turn              X - ring of protection from magic
MPRegen  0.13/turn              P - +4 ring of dexterity

@: berserk cooldown, slowed, very slow
A: retaliatory headbutt, horns 2
a: Berserk, Trog's Hand, Brothers in Arms, Renounce Religion


You were on level 6 of the Lair of Beasts.
You worshipped Trog.
Trog was extremely pleased with you.
You were very hungry.

You visited 3 branches of the dungeon, and saw 15 of its levels.

You collected 864 gold pieces.

Inventory:

Hand Weapons
 t - a +3 falchion
 K - a +5 dagger of draining
 R - a +3 rapier of flaming
 S - a +0 bardiche of venom
 T - a +4 rapier
 Y - a +2 vorpal scimitar (weapon)
 Z - a +0 triple sword
Armour
 c - a +0 kite shield (worn)
 h - a +0 pair of gloves (worn)
 v - a +2 pair of boots (worn)
 E - a +0 plate armour (worn)
Jewellery
 B - an uncursed ring of resist corrosion
 N - a +2 amulet of reflection (around neck)
 P - a +4 ring of dexterity (right hand)
 Q - an uncursed ring of poison resistance
 X - a ring of protection from magic (left hand)
Wands
 n - a wand of acid (8)
 y - a wand of iceblast (14)
 z - a wand of paralysis (26)
 A - a wand of scattershot (3)
 C - a wand of clouds (5)
 V - a wand of digging (5)
Scrolls
 b - a scroll of random uselessness
 i - 9 scrolls of remove curse
 j - 11 scrolls of teleportation
 k - 4 scrolls of enchant armour {unknown}
 l - 2 scrolls of magic mapping {unknown}
 m - 3 scrolls of amnesia
 o - 2 scrolls of noise
 r - 4 scrolls of blinking
 s - a scroll of fear
 F - 2 scrolls of immolation
 G - a scroll of enchant weapon
 I - a scroll of torment
 M - a scroll of brand weapon
 U - a scroll of fog
Potions
 a - 2 potions of stabbing
 d - 4 potions of curing
 e - a potion of lignification
 g - 2 potions of berserk rage
 p - 2 potions of haste
 q - 2 potions of invisibility
 u - 3 potions of flight
 w - a potion of heal wounds
 x - 2 potions of brilliance
 D - 2 potions of magic
 H - a potion of ambrosia {unknown}
 J - 2 potions of might
 L - 2 potions of resistance {unknown}
 O - a potion of cancellation {unknown}
Comestibles
 f - 30 rations
 W - 3 chunks of flesh


   Skills:
 + Level 11.1 Fighting
 + Level 9.4(12.0) Short Blades
 + Level 13.0(14.2) Long Blades
 + Level 13.1 Armour
 + Level 5.2 Dodging
 - Level 0.4 Stealth
 + Level 15.0 Shields


You had 12 spell levels left.
You didn't know any spells.
Your spell library was empty.

Dungeon Overview and Level Annotations

Branches:
Dungeon (8/15)             Temple (1/1) D:6            Lair (6/6) D:8
 Shoals (0/4) Lair:3        Snake (0/4) Lair:4        Slime (0/5) Lair:5

Altars:
Ashenzari
Cheibriados
Dithmenos
Elyvilon
Fedhas
Gozag
Hepliaklqana
Kikubaaqudgha
Makhleb
Nemelex Xobeh
Okawaru
Qazlal
Ru
Sif Muna
Trog
Uskayaw
Vehumet
Wu Jian
Xom
Yredelemnul
Zin
The Shining One
Beogh
Jiyva

Annotations:
D:3 1 runed translucent door, chipmonk's ghost, amateur MiFi
D:8 1 transporter, 3 runed translucent doors, Zajic's ghost, novice MiBe
Lair:1 exclusion: 4 oklob plants


Innate Abilities, Weirdness & Mutations

You reflexively headbutt those who attack you in melee.
You have a pair of horns on your head.


Message History

The catoblepas is lightly wounded.
You hit the catoblepas.
The catoblepas is moderately wounded.
You are no longer berserk.
You are exhausted.
You feel yourself slow down.
You slash the catoblepas!
The catoblepas is moderately wounded.
You block the catoblepas's attack.
An eight-headed hydra comes into view.
The eight-headed hydra moves out of view.
You slash the catoblepas!
You headbutt the catoblepas, but do no damage.
The catoblepas is heavily wounded.
You block the catoblepas's attack.
The catoblepas gores you but does no damage.
You hit the catoblepas. You headbutt the catoblepas.
The catoblepas is severely wounded.
The blink frog blinks!
The catoblepas gores you!!
You die...

#...................
#F....÷.............
#...................
#.D.............)...
#....<...Y..........
#.F...............†.
#YFY..P#####........
#kY##### #P....<..
###@# ###...... ###
##..... ......
#...... ##.....
##.... ##...


You could see a catoblepas, an eight-headed hydra, a yak, a spiny frog, 2 blink
frogs and a rime drake.

Vanquished Creatures
  Harold (D:8)
  6 hydras
  A catoblepas (Lair:6)
  A fire crab (Lair:3)
  Pikel (D:5)
  11 elephants
  10 spiny frogs
  2 black mambas
  Joseph (Lair:1)
  5 komodo dragons
  3 rime drakes
  A queen bee (Lair:2)
  Prince Ribbit (D:5)
  A polar bear (Lair:2)
  A snapping turtle (Lair:3)
  28 blink frogs
  7 hippogriffs
  A spriggan (Lair:2)
  3 wyverns
  3 basilisks
  18 yaks
  A hungry ghost (D:7)
  2 steam dragons (Lair:2)
  Edmund (D:4)
  Duvessa (D:5)
  21 porcupines
  16 water moccasins
  4 orc warriors
  An ice beast (D:7)
  3 slaves (D:5)
  2 necrophages
  4 black bears
  2 phantoms
  2 sky beasts
  3 ogres
  4 centaurs
  16 wolves
  17 crocodiles
  Blork the orc (D:5)
  15 bullfrogs
  2 scorpions
  Dowan (D:5)
  2 water moccasin skeletons
  27 killer bees (Lair:2)
  5 wights (D:7)
  3 electric eels
  2 crimson imps
  A centaur zombie (D:7)
  2 hounds (D:6)
  2 jellies
  8 orc priests
  2 bullfrog zombies
  4 iguanas
  A hell rat (Lair:2)
  9 orc wizards
  9 worker ants
  A killer bee zombie (D:7)
  A hound zombie (D:8)
  2 hound skeletons
  A worker ant zombie (D:6)
  A howler monkey skeleton (D:7)
  6 gnolls (D:3)
  13 adders
  4 shadow imps
  3 oozes
  2 adder skeletons
  2 adder zombies
  3 worms
  4 dart slugs
  2 leopard geckos
  46 orcs
  6 bats
  3 giant cockroaches
  13 goblins
  9 hobgoblins
  2 jackals (D:4)
  9 kobolds
  2 quokkas (D:3)
  5 ball pythons
  3 frilled lizards (D:1)
  A jackal skeleton (D:7)
  A leopard gecko skeleton (D:6)
  A quokka zombie (D:5)
  12 rats
460 creatures vanquished.

Vanquished Creatures (others)
  29 fungi
  18 plants
47 creatures vanquished.

Grand Total: 507 creatures vanquished

Notes
Turn   | Place    | Note
-------+----------+-------------------------------------------
     0 | D:1      | ottosmops the Minotaur Fighter began the quest for the Orb.
     0 | D:1      | Reached XP level 1. HP: 19/19 MP: 0/0
    97 | D:1      | Reached XP level 2. HP: 20/27 MP: 1/1
   205 | D:1      | Reached skill level 4 in Shields
   500 | D:1      | Reached XP level 3. HP: 33/33 MP: 2/2
   683 | D:2      | Reached XP level 4. HP: 27/40 MP: 3/3
  1431 | D:3      | Reached XP level 5. HP: 34/47 MP: 4/4
  1766 | D:3      | Noticed chipmonk's ghost (amateur MiFi)
  1767 | D:3      | Found a runed translucent door.
  2130 | D:3      | Reached skill level 5 in Shields
  2136 | D:3      | Found a hazy altar of Hepliaklqana.
  2454 | D:3      | Reached XP level 6. HP: 51/53 MP: 5/5
  2566 | D:3      | Reached skill level 5 in Armour
  2568 | D:3      | Reached skill level 5 in Long Blades
  2771 | D:4      | Noticed Edmund
  2796 | D:4      | Killed Edmund
  2796 | D:4      | Reached skill level 1 in Dodging
  2993 | D:4      | Reached XP level 7. HP: 19/60 MP: 6/6
  3823 | D:5      | Entered Level 5 of the Dungeon
  3839 | D:5      | Noticed Prince Ribbit
  3875 | D:5      | Reached skill level 5 in Fighting
  3886 | D:5      | Killed Prince Ribbit
  3886 | D:5      | Reached skill level 6 in Shields
  3886 | D:5      | Reached XP level 8. HP: 18/68 MP: 7/7
  4419 | D:5      | Noticed Blork the orc
  4425 | D:5      | Killed Blork the orc
  4594 | D:5      | Noticed Pikel
  4625 | D:5      | Paralysed by Pikel for 7 turns
  4638 | D:5      | Killed Pikel
  4887 | D:5      | Noticed Dowan
  4910 | D:5      | Noticed Duvessa
  4912 | D:5      | Killed Dowan
  4927 | D:5      | Killed Duvessa
  5269 | D:6      | Reached XP level 9. HP: 75/75 MP: 8/8
  5294 | D:6      | Reached skill level 7 in Shields
  5327 | D:6      | Found a white marble altar of Elyvilon.
  5546 | D:6      | Found a basalt altar of Yredelemnul.
  5780 | D:6      | Found a glowing golden altar of the Shining One.
  6227 | D:6      | Found a staircase to the Ecumenical Temple.
  6238 | Temple   | Entered the Ecumenical Temple
  6554 | Temple   | Became a worshipper of Trog the Wrathful
  6610 | D:6      | Found a basalt altar of Yredelemnul.
  6808 | D:7      | Reached skill level 10 in Long Blades
  6942 | D:7      | Reached skill level 8 in Shields
  7142 | D:7      | Reached * piety under Trog
  7285 | D:7      | Reached XP level 10. HP: 86/86 MP: 9/9
  8142 | D:8      | Noticed Harold
  8168 | D:8      | Killed Harold
  8168 | D:8      | Reached skill level 9 in Shields
  8220 | D:8      | Reached ** piety under Trog
  8505 | D:8      | Found a staircase to the Lair.
  8581 | D:8      | Found a transporter.
  8587 | D:8      | Noticed a two-headed ogre
  8605 | D:8      | Found a runed translucent gate.
  8606 | D:8      | Noticed Zajic's ghost (novice MiBe)
  8618 | D:8      | Found a runed translucent gate.
  8619 | D:8      | Found a runed translucent gate.
  8619 | D:8      | Found a roughly hewn altar of Beogh.
  8811 | D:8      | Noticed a two-headed ogre
  9007 | D:8      | Reached skill level 10 in Shields
  9299 | Lair:1   | Entered Level 1 of the Lair of Beasts
  9306 | Lair:1   | Noticed Joseph
  9318 | Lair:1   | Killed Joseph
  9423 | Lair:1   | Reached XP level 11. HP: 95/95 MP: 10/10
  9820 | Lair:1   | Noticed an oklob plant
  9820 | Lair:1   | Noticed an oklob plant
  9820 | Lair:1   | Noticed a five-headed hydra
  9838 | Lair:1   | Killed a five-headed hydra
  9838 | Lair:1   | Reached skill level 1 in Short Blades
  9891 | Lair:1   | Noticed an oklob plant
  9891 | Lair:1   | Noticed an oklob plant
 10099 | Lair:1   | Reached skill level 10 in Armour
 10335 | Lair:2   | Reached *** piety under Trog
 10401 | Lair:2   | Reached skill level 11 in Shields
 11365 | Lair:2   | Reached skill level 12 in Shields
 11418 | Lair:2   | Reached skill level 10 in Fighting
 11418 | Lair:2   | Reached skill level 5 in Short Blades
 11608 | Lair:2   | Reached **** piety under Trog
 11608 | Lair:2   | Reached XP level 12. HP: 106/106 MP: 11/11
 12543 | Lair:3   | Noticed a seven-headed hydra
 12558 | Lair:3   | Killed a seven-headed hydra
 13223 | Lair:3   | Found a staircase to the Shoals.
 13284 | Lair:3   | Reached skill level 13 in Shields
 13307 | Lair:3   | Reached skill level 5 in Dodging
 14309 | Lair:4   | Noticed an eight-headed hydra
 14319 | Lair:4   | Killed an eight-headed hydra
 14424 | Lair:4   | Reached ***** piety under Trog
 14424 | Lair:4   | Received a gift from Trog
 14627 | Lair:4   | Found a staircase to the Snake Pit.
 14640 | Lair:4   | Reached XP level 13. HP: 106/114 MP: 12/12
 14660 | Lair:4   | Reached skill level 14 in Shields
 16484 | Lair:5   | Found a staircase to the Slime Pits.
 16485 | Lair:5   | Found a viscous altar of Jiyva.
 16580 | Lair:5   | Received a gift from Trog
 17130 | Lair:6   | Entered Level 6 of the Lair of Beasts
 17320 | Lair:6   | Reached skill level 15 in Shields
 17335 | Lair:6   | Slain by a catoblepas

Levels and vault maps discovered:
D:1:      heliophobic_arrival_enchanted_forest, layout_rooms
D:2:      minmay_spotlight, layout_rooms, minmay_pentomino_s4
D:3:      layout_loops_ring, lemuel_coloured_pillars_altar,
          ebering_ghost_inner_flame
D:4:      layout_loops_ring, minmay_misc_feat_hallway, uniq_edmund
D:5:      layout_basic, first_ration, uniq_blork_the_orc, uniq_prince_ribbit1,
          uniq_duvessa, uniq_pikel
D:6:      layout_rooms, tso_metal_star, kennysheep_ying_yang,
          minmay_temple_entry_statues_pillars, basic_altar,
          minmay_misc_feat_secret_circle
D:7:      layout_basic
D:8:      gammafunk_beogh_shrine, layout_loops_cross,
          due_lair_maze_entry_diamond, biasface_ghost_orc_armoury, uniq_harold
Temple:   hc_temple_tempest_star
Lair:1:   layout_loops_ring, minmay_lair_oklob_chamber, grunt_megastairs_4,
          serial_bayou_shore_a, uniq_joseph
Lair:2:   regret_index_tunnel_blossom, layout_gridlike,
          chequers_serial_rivers_micro_b, nicolae_quartered_pool_little,
          st_stairs_13, grunt_forest_stairs_clearing
Lair:3:   layout_regular_city, minmay_shoals_entry_hut, st_stairs_7,
          beast_lair_carwin_1
Lair:4:   layout_hall_layers, dummy_snake_entry
Lair:5:   wad_woods_structure_01, layout_big_grid, slime_altar_1,
          lemuel_fruit_tree
Lair:6:   evilmike_catoblepas_cave, layout_hall_layers, zaba_antful_of_joy

Skill      XL: |  1  2  3  4  5  6  7  8  9 10 11 12 13 |
---------------+----------------------------------------+-----
Shields        | 4 5 6 8 10 12 13 15 | 15.0
Fighting       | 4 5 6 7 8 10 11 | 11.1
Long Blades    | 3 4 6 7 9 10 12 13 | 13.0
Armour         | 4 5 6 7 8 9 10 12 13 | 13.1
Dodging        | 1 2 3 4 5 |  5.2
Short Blades   | 5 8 9 |  9.4
Stealth        | |  0.4

Action                   |  1- 3 |  4- 6 |  7- 9 | 10-12 | 13-15 || total
-------------------------+-------+-------+-------+-------+-------++-------
Melee: Long sword        |    93 |   189 |    31 |       |       ||   313
       Headbutt          |     7 |    36 |    70 |   275 |   106 ||   494
       Falchion          |       |       |   406 |   207 |       ||   613
       Dagger            |       |       |       |   822 |   119 ||   941
       Rapier            |       |       |       |       |   143 ||   143
       Scimitar          |       |       |       |       |   126 ||   126
Invok: Berserk           |       |       |     1 |     2 |     1 ||     4
       Trog's Hand       |       |       |       |       |     1 ||     1
  Use: Scroll            |       |       |       |    17 |     4 ||    21
       Potion            |       |       |       |     3 |     2 ||     5
 Stab: Petrifying        |       |       |       |       |     1 ||     1
  Eat: Chunk             |       |     6 |    15 |    23 |     9 ||    53
       Ration            |       |       |     1 |     1 |       ||     2
Armor: Scale mail        |    28 |    71 |    61 |       |       ||   160
       Plate armour      |       |       |    60 |   404 |   135 ||   599
Dodge: Dodged            |    32 |    39 |    85 |   205 |    99 ||   460
Block: Kite shield       |    50 |   102 |   182 |   547 |   291 ||  1172
       Rpst.: Long sword |     9 |     9 |     4 |       |       ||    22
       Falchion          |       |       |    22 |    14 |       ||    36
       Scimitar          |       |       |       |       |     2 ||     2

Table legend:
 A = Non-vault XP
 B = Vault XP
 C = Vault XP percentage of total XP
 D = Non-vault monster count
 E = Vault monster count
 F = Vault count percentage of total count
                 A         B        C        D         E       F
            +---------+---------+-------+---------+---------+-------
      Total |   41551 |   15460 |  27.1 |     360 |      97 |  21.2
            +---------+---------+-------+---------+---------+-------
        D:1 |      43 |       0 |   0.0 |      26 |       0 |   0.0
        D:2 |     109 |      26 |  19.3 |      23 |       8 |  25.8
        D:3 |     256 |       0 |   0.0 |      36 |       0 |   0.0
        D:4 |     470 |     158 |  25.2 |      21 |       1 |   4.5
        D:5 |     429 |    1203 |  73.7 |      17 |       5 |  22.7
        D:6 |    1286 |       0 |   0.0 |      35 |       0 |   0.0
        D:7 |    1944 |       0 |   0.0 |      36 |       0 |   0.0
        D:8 |    1742 |    2087 |  54.5 |      33 |       9 |  21.4
     Lair:1 |    2054 |    2495 |  54.8 |      10 |       6 |  37.5
     Lair:2 |    5283 |    6437 |  54.9 |      28 |      52 |  65.0
     Lair:3 |    4309 |    1874 |  30.3 |      18 |       9 |  33.3
     Lair:4 |   11330 |       0 |   0.0 |      37 |       0 |   0.0
     Lair:5 |    6200 |    1180 |  16.0 |      25 |       7 |  21.9
     Lair:6 |    6096 |       0 |   0.0 |      15 |       0 |   0.0
            +---------+---------+-------+---------+---------+-------
